 Dungeon Crawl Stone Soup version 0.20.1-1-g8b1a95d (webtiles) character file.

4638 alexvicegrab the Summoner (level 10, -2/68 HPs)
             Began as a Barachi Summoner on Nov 22, 2017.
             Was a Priest of Qazlal.
             Slain by a five-headed hydra (12 damage)
             ... on level 1 of the Lair of Beasts.
             The game lasted 02:09:51 (11972 turns).

alexvicegrab the Summoner (Barachi Summoner)       Turns: 11972, Time: 02:09:52

Health: -2/68      AC:  6    Str:  9    XL:     10   Next: 43%
Magic:  0/32       EV: 13    Int: 19    God:    Qazlal [***...]
Gold:   465        SH: 10    Dex: 13    Spells: 4/27 levels left

rFire    . . .     SeeInvis .   M - staff of wizardry
rCold    . . .     Gourm    .   j - +2 buckler
rNeg     + . .     Faith    .   y - +1 robe {rN+}
rPois    .         Spirit   +   (no helmet)
rElec    .         Reflect  .   (no cloak)
rCorr    .         Harm     .   R - +1 pair of gloves
MR       .....                  (no boots)
Stlth    ++........             J - amulet of guardian spirit
Regen    0.3/turn               r - ring of magical power
MPRegen  0.3/turn               K - ring of flight

@: slow
A: +LOS, swims, slowness 1, strong legs 1
a: Hop, Upheaval, Elemental Force, Renounce Religion, Evoke Flight


You were on level 1 of the Lair of Beasts.
You worshipped Qazlal.
Qazlal was most pleased with you.
You were not hungry.

You visited 3 branches of the dungeon, and saw 10 of its levels.

You collected 465 gold pieces.

Inventory:

Hand Weapons
 f - a +1 spear
 p - a +0 hunting sling
 C - a +4 falchion of slicing
 P - a +0 flail of holy wrath
Missiles
 q - 333 stones (quivered)
 A - 27 poisoned needles
 F - 14 sling bullets
 T - 3 throwing nets
Armour
 a - a +0 robe
 e - a +0 robe
 j - a +2 buckler (worn)
 s - a +0 leather armour
 y - a +1 robe of positive energy (worn)
 R - a +1 pair of gloves (worn)
Magical Staves
 M - an uncursed staff of wizardry (weapon)
 Z - an uncursed staff of air
Jewellery
 r - a ring of magical power (left hand)
 J - an amulet of guardian spirit (around neck)
 K - a ring of flight (right hand)
Wands
 u - a wand of random effects (39/48)
 D - a wand of acid (9/15)
 G - a wand of polymorph (12/24)
 O - a wand of random effects (33/48)
Scrolls
 d - 7 scrolls of remove curse
 g - a scroll of fog {unknown}
 h - 4 scrolls of recharging {unknown}
 l - 9 scrolls of identify
 n - a scroll of immolation {unknown}
 o - 2 scrolls of fear {unknown}
 t - 2 scrolls of enchant weapon {unknown}
 w - a scroll of blinking {unknown}
 z - 2 scrolls of enchant armour {unknown}
Potions
 i - 4 potions of curing
 k - a potion of agility {unknown}
 m - a potion of berserk rage {unknown}
 x - 3 potions of mutation {unknown}
 B - a potion of brilliance {unknown}
 I - a potion of magic
 L - a potion of lignification {unknown}
 N - a potion of flight {unknown}
 S - 2 potions of haste {unknown}
 W - 2 potions of cancellation {unknown}
Books
 b - a book of Callings

   Spells                             Type                      Level
   a - Summon Small Mammal            Summoning                    1
   b - Call Imp                       Summoning                    2
   c - Call Canine Familiar           Summoning                    3
   d - Summon Guardian Golem          Hexes/Summoning              3
   e - Summon Lightning Spire         Summoning/Air                4
   f - Summon Ice Beast               Ice/Summoning                4
 E - a book of Maledictions

   Spells                             Type                      Level
   a - Corona                         Hexes                        1
   b - Ensorcelled Hibernation        Hexes/Ice                    2
   c - Confuse                        Hexes                        3
   d - Tukima's Dance                 Hexes                        3
   e - Dazzling Spray                 Conjuration/Hexes            3
 V - a book of Maledictions

   Spells                             Type                      Level
   a - Corona                         Hexes                        1
   b - Ensorcelled Hibernation        Hexes/Ice                    2
   c - Confuse                        Hexes                        3
   d - Tukima's Dance                 Hexes                        3
   e - Dazzling Spray                 Conjuration/Hexes            3
 X - a book of Minor Magic

   Spells                             Type                      Level
   a - Magic Dart                     Conjuration                  1
   b - Blink                          Translocation                2
   c - Call Imp                       Summoning                    2
   d - Slow                           Hexes                        2
   e - Conjure Flame                  Conjuration/Fire             3
   f - Mephitic Cloud                 Conjuration/Poison/Air       3
Comestibles
 c - 5 bread rations
 v - 5 meat rations
 H - 3 chunks of flesh
 U - 7 royal jellies


   Skills:
 + Level 2.4 Fighting
   Level 1.3 Axes
 + Level 1.2 Staves
 * Level 7.9 Armour
 + Level 4.0 Dodging
 + Level 3.1 Stealth
 + Level 1.6 Shields
 + Level 9.3 Spellcasting
 + Level 0.9 Hexes
 + Level 10.7 Summonings
 + Level 1.2 Ice Magic
 + Level 0.2 Air Magic


You had 4 spell levels left.
You knew the following spells:

 Your Spells              Type           Power        Failure   Level  Hunger
a - Summon Small Mammal   Summ           ####         1%          1    None
b - Call Imp              Summ           #####...     1%          2    None
c - Call Canine Familiar  Summ           #####...     1%          3    None
d - Summon Lightning Spi  Summ/Air       ####....     4%          4    ###....
e - Summon Ice Beast      Ice/Summ       ####....     3%          4    ###....
f - Tukima's Dance        Hex            ##......     9%          3    None
g - Summon Guardian Gole  Hex/Summ       ####....     1%          3    None
h - Magic Dart            Conj           #...         4%          1    None
i - Blink                 Tloc           N/A          6%          2    None


Dungeon Overview and Level Annotations

Branches:
Dungeon (8/15)             Temple (1/1) D:4            Lair (1/6) D:8

Altars:
Ashenzari
Cheibriados
Dithmenos
Elyvilon
Fedhas
Gozag
Hepliaklqana
Kikubaaqudgha
Makhleb
Nemelex Xobeh
Okawaru
Qazlal
Ru
Sif Muna
Trog
Uskayaw
Vehumet
Xom
Yredelemnul
Zin
The Shining One


Innate Abilities, Weirdness & Mutations

Shadows flee at your approach. (+LOS)
You can swim through water.
You cover ground slowly.
You can hop short distances.


Message History

A five-headed hydra comes into view.
You block the wolf's attack. x2; Your wolf misses the wolf.
Your ice beast barely misses the wolf.
You barely miss the wolf.
The wolf is moderately wounded.
The wolf bites you! You block the wolf's attack.
Your wolf bites the wolf!
The five-headed hydra misses you.
The five-headed hydra bites you but does no damage.
You block the five-headed hydra's attack.
The five-headed hydra bites you.
The five-headed hydra closely misses you.
You block the wolf's attack. The wolf barely misses you.
Your wolf barely misses the wolf.
Your ice beast barely misses the wolf.
The five-headed hydra closely misses you.
The five-headed hydra bites you.
* * * LOW HITPOINT WARNING * * *
The five-headed hydra bites you!
* * * LOW HITPOINT WARNING * * *
The five-headed hydra bites you!
You die...

... # .... +## #. ... ..# .#
..# ## ##.# .###.##.# #P.#
#........ ###.######
#........ #....Yhh.#
#........ ..
#....@h8.#####........
....###...D...)..#..........
............................
.#####........###.#........
#........# ###.[......
##.####### ####..### #...
##.## ###.. ##.'.###


hhh #....... You could see a five-headed hydra, 2 wolves, a friendly guardian
golem, a friendly ice beast and a friendly wolf.

Vanquished Creatures
  3 wolves (D:8)
  An orc wizard (D:7)
  A hound skeleton (D:7)
  2 adders
  An ooze (D:2)
  An adder skeleton (D:4)
  2 dart slugs (D:1)
  A leopard gecko (D:2)
  6 orcs
  A giant cockroach (D:3)
  2 goblins
  A hobgoblin (D:3)
  A quokka (D:3)
  2 bats (D:2)
  2 frilled lizards
  2 kobolds (D:2)
  A quokka skeleton (D:8)
  5 rats
35 creatures vanquished.

Vanquished Creatures (collateral kills)
  A two-headed ogre (D:8)
  The ghost of PipsiMox the Covert, a novice OpAs of Dithmenos (D:7)
  The ghost of Regeox the Cudgeler, a novice DsFi (D:6)
  Grinder (D:6)
  2 hippogriffs (D:7)
  2 yaks (D:7)
  2 hogs (D:7)
  A human (D:7)
  The ghost of letownia2 the Grave Robber, an amateur DDNe (D:5)
  A hungry ghost (D:7)
  Grum (D:8)
  Menkaure (D:4)
  Edmund (D:6)
  A porcupine (D:8)
  A sky beast (D:8)
  Duvessa (D:7)
  An ice beast (D:5)
  An orc warrior (D:7)
  2 black bears
  4 ogres
  11 wolves
  2 phantoms (D:8)
  3 centaurs
  A crocodile (D:8)
  A big kobold (D:8)
  A gnoll sergeant (D:8)
  9 bullfrogs
  3 scorpions
  Dowan (D:7)
  A howler monkey (D:5)
  A jelly (D:6)
  8 crimson imps
  6 hounds
  A bullfrog zombie (D:7)
  6 orc priests
  Jessica (D:3)
  6 iguanas
  A bullfrog skeleton (D:4)
  4 worker ants
  13 orc wizards
  2 hound skeletons
  3 gnolls
  2 adders
  2 howler monkey skeletons
  A shadow imp (D:8)
  3 worms
  An adder skeleton (D:4)
  4 dart slugs
  4 leopard geckos
  36 orcs
  9 bats
  8 giant cockroaches
  4 goblins
  3 hobgoblins
  2 jackals (D:7)
  3 quokkas
  2 ball pythons (D:6)
  4 frilled lizards
  A jackal skeleton (D:4)
  13 kobolds
  A quokka zombie (D:7)
  5 rats
  A fungus (D:8)
  3 plants
224 creatures vanquished.

Vanquished Creatures (others)
  A dancing weapon (D:8)
  A crocodile (D:8)
  28 fungi (D:8)
  9 plants
39 creatures vanquished.

Grand Total: 298 creatures vanquished

Notes
Turn   | Place    | Note
-------+----------+-------------------------------------------
     0 | D:1      | alexvicegrab the Barachi Summoner began the quest for the Orb.
     0 | D:1      | Reached XP level 1. HP: 13/13 MP: 3/3
   272 | D:1      | Reached XP level 2. HP: 12/19 MP: 1/5
   314 | D:1      | Learned a level 2 spell: Call Imp
   453 | D:1      | Reached skill level 5 in Summonings
  1043 | D:1      | Reached XP level 3. HP: 21/24 MP: 7/7
  1079 | D:2      | Found a faded altar of an unknown god.
  2207 | D:3      | Noticed Jessica
  2370 | D:3      | Killed Jessica
  2370 | D:3      | Reached skill level 1 in Armour
  2370 | D:3      | Reached XP level 4. HP: 30/30 MP: 1/8
  2768 | D:3      | Noticed an ogre
  3094 | D:3      | Learned a level 3 spell: Call Canine Familiar
  3113 | D:3      | Killed an ogre
  3113 | D:3      | Reached skill level 1 in Axes
  3113 | D:3      | Reached XP level 5. HP: 36/36 MP: 3/10
  3119 | D:3      | Learned a level 4 spell: Summon Lightning Spire
  3740 | D:4      | Noticed Menkaure
  4351 | D:4      | Reached XP level 6. HP: 42/42 MP: 11/11
  4416 | D:4      | Found a staircase to the Ecumenical Temple.
  4426 | Temple   | Entered the Ecumenical Temple
  4587 | Temple   | Became a worshipper of Qazlal Stormbringer
  4743 | D:5      | Entered Level 5 of the Dungeon
  4787 | D:5      | Noticed letownia2's ghost (amateur DDNe)
  5021 | D:5      | Noticed an ice beast
  5044 | D:5      | Killed an ice beast
  5044 | D:5      | Reached skill level 6 in Summonings
  5069 | D:5      | Killed letownia2's ghost
  5069 | D:5      | Reached skill level 1 in Fighting
  5176 | D:5      | Reached XP level 7. HP: 45/48 MP: 14/14
  5626 | D:5      | You fall through a shaft for 3 floors!
  5626 | D:8      | Noticed a two-headed ogre
  5705 | D:8      | Reached skill level 5 in Spellcasting
  6084 | D:8      | Reached skill level 7 in Summonings
  6637 | D:8      | Reached XP level 8. HP: 54/54 MP: 16/16
  6664 | D:8      | Found a staircase to the Lair.
  6739 | D:8      | Reached * piety under Qazlal
  7090 | Lair:1   | Entered Level 1 of the Lair of Beasts
  7199 | D:8      | Killed a two-headed ogre
  7199 | D:8      | Reached skill level 5 in Armour
  7199 | D:8      | Reached skill level 8 in Summonings
  7216 | D:8      | Noticed Grum
  7437 | D:7      | Noticed a hippogriff
  7454 | D:7      | Killed a hippogriff
  7454 | D:7      | Reached XP level 9. HP: 45/60 MP: 13/19
  7691 | D:6      | Noticed Grinder
  7745 | D:6      | Noticed Edmund
  8049 | D:6      | Killed Edmund
  8350 | D:6      | Paralysed by Grinder for 4 turns
  8381 | D:6      | Killed Grinder
  8435 | D:6      | Noticed Regeox's ghost (novice DsFi)
  8450 | D:6      | Killed Regeox's ghost
  8450 | D:6      | Reached skill level 9 in Summonings
  9136 | D:4      | Killed Menkaure
  9274 | D:7      | Reached ** piety under Qazlal
  9307 | D:7      | Learned a level 4 spell: Summon Ice Beast
  9311 | D:7      | Learned a level 3 spell: Tukima's Dance
  9315 | D:7      | Learned a level 3 spell: Summon Guardian Golem
  9368 | D:7      | Noticed PipsiMox's ghost (novice OpAs)
  9380 | D:7      | Killed PipsiMox's ghost
  9474 | D:7      | Learned a level 1 spell: Magic Dart
  9479 | D:7      | Learned a level 2 spell: Blink
  9633 | D:7      | Reached skill level 10 in Summonings
  9669 | D:7      | Reached skill level 1 in Shields
  9686 | D:7      | Reached XP level 10. HP: 67/67 MP: 4/22
  9869 | D:7      | Noticed Dowan
  9873 | D:7      | Killed Dowan
  9877 | D:7      | Noticed Duvessa
  9899 | D:7      | Killed Duvessa
 10160 | D:7      | Reached skill level 1 in Staves
 10363 | D:8      | Reached *** piety under Qazlal
 11011 | D:8      | Killed Grum
 11593 | D:8      | Reached skill level 1 in Ice Magic
 11972 | Lair:1   | Noticed a five-headed hydra
 11972 | Lair:1   | Slain by a five-headed hydra

Skill      XL: |  1  2  3  4  5  6  7  8  9 10 |
---------------+-------------------------------+-----
Stealth        | 2 3 |  3.1
Summonings     | 5 6 7 8 10 | 10.7
Armour         | 1 2 3 4 5 7 |  7.9
Spellcasting   | 3 4 5 7 8 9 |  9.3
Axes           | 1 |  1.3
Fighting       | 1 2 |  2.4
Dodging        | 3 4 |  4.0
Shields        | 1 |  1.6
Staves         | 1 |  1.2
Ice Magic      | 1 |  1.2
Hexes          | |  0.9
Air Magic      | |  0.2

Action                   |  1- 3 |  4- 6 |  7- 9 | 10-12 || total
-------------------------+-------+-------+-------+-------++-------
Melee: Hand axe          |    51 |    56 |    25 |       ||   132
       Staff             |       |       |    46 |    72 ||   118
Throw: Stone             |       |       |     1 |       ||     1
 Cast: Summon Small Mamm |    28 |    50 |    15 |       ||    93
       Call Imp          |    19 |    37 |   122 |     6 ||   184
       Call Canine Famil |       |    20 |    70 |    28 ||   118
       Summon Lightning  |       |       |     6 |     3 ||     9
       Summon Guardian G |       |       |     1 |     9 ||    10
       Summon Ice Beast  |       |       |       |    25 ||    25
       Tukima's Dance    |       |       |       |     5 ||     5
       Blink             |       |       |       |     1 ||     1
 Abil: Hop               |       |       |     4 |       ||     4
  Use: Potion            |       |     1 |       |       ||     1
       Scroll            |       |       |     5 |       ||     5
 Stab: Sleeping          |     3 |     1 |       |       ||     4
       Distracted        |       |       |     1 |     1 ||     2
  Eat: Chunk             |     7 |     9 |    14 |    10 ||    40
       Bread ration      |       |     1 |     1 |       ||     2
Armor: Robe              |    10 |    13 |    14 |    31 ||    68
       Leather armour    |     1 |    11 |       |       ||    12
Dodge: Dodged            |    28 |    66 |    73 |    87 ||   254
Block: Buckler           |    16 |    30 |    55 |    88 ||   189
